Map: Newkirk Precinct TE

Players

Leenock - Winner!

  • Race: Zerg Zerg
  • Spawn Location: 5:00

Zest

  • Race: Protoss Protoss
  • Spawn Location: 7:00

Event: IEM Season 11 - Gyeonggi

VOD

Have the link to the VOD?

Description

Time

  • Played on: Dec. 13, 2016, 7:58 p.m.
  • Length: 8:33

All games in this series

Show
View Real Time Build Order
Export as new Build Order

Leenock Zerg - Winner!

Build Orders: Hatch First 

Get SALT Encoding   

  12  0:00  Drone  
  13  0:13  Overlord  
  13  0:18  Drone  
  14  0:31  Drone x2  
  16  0:36  Drone  
  17  0:53  Hatchery  
  17  0:55  Drone  
  17  0:59  Drone  
  18  1:08  Extractor  
  17  1:16  Spawning Pool  
  17  1:17  Drone  
  17  1:21  Drone  
  18  1:28  Drone  
  19  1:39  Drone  
  20  1:51  Hatchery  
  19  1:55  Drone  
  20  2:06  Drone x2  
  20  2:08  Metabolic Boost  
  22  2:17  Queen  
  24  2:24  Overlord  
  24  2:29  Drone  
  25  2:30  Drone  
  25  2:33  Zergling x2  
  25  2:36  Zergling x2  
  28  2:43  Zergling x4  
  30  2:46  Evolution Chamber  
  29  2:55  Overlord  
  29  2:58  Overlord  
  29  3:13  Zerg Melee Weapons Level 1  
  29  3:14  Zergling x8  
  29  3:15  Zergling x2  
  29  3:18  Zergling x2  
  35  3:26  Zergling x2  
  35  3:27  Zergling x4  
  38  3:30  Zergling x2  
  38  3:31  Zergling x2  
  40  3:35  Zergling x2  
  40  3:39  Zergling x2  
  40  3:40  Zergling x2  
  43  3:41  Zergling x2  
  43  3:45  Zergling x2  
  43  3:48  Zergling x2  
  43  3:57  Zergling x2  
  43  3:58  Zergling x6  
  47  4:07  Zergling x2  
  47  4:08  Zergling x6  
  48  4:14  Zergling x4  
  50  4:21  Zergling x4  
  48  4:26  Zergling x2  
  48  4:30  Zergling x2  
  47  4:31  Zergling x2  
  47  4:34  Spore Crawler  
  47  4:36  Zergling x2  
  47  4:40  Zergling x2  
  47  4:41  Zergling x2  
  46  4:49  Drone  
  46  4:55  Lair  
  46  4:56  Drone x2  
  48  5:01  Drone  
  49  5:11  Zergling x2  
  49  5:15  Spore Crawler  
  49  5:21  Drone  
  44  5:22  Drone x5  
  44  5:25  Drone  
  44  5:27  Overlord  
  49  5:34  Drone  
  49  5:35  Overlord  
  49  5:46  Drone x4  
  49  5:47  Drone  
  49  5:48  Drone  
  55  5:55  Drone x3  
  55  5:57  Overseer  
  55  6:01  Zerg Melee Weapons Level 2  
  54  6:06  Drone x4  
  54  6:08  Drone  
  59  6:12  Drone  
  59  6:14  Drone  
  59  6:16  Drone  
  62  6:19  Drone  
  62  6:20  Drone  
  62  6:23  Queen, Extractor  
  64  6:25  Queen  
  63  6:35  Zergling x6  
  65  6:41  Zergling x2  
  65  6:44  Overlord  
  65  6:45  Spore Crawler  
  65  6:48  Queen  
  65  6:49  Hydralisk Den  
  65  6:51  Overlord x2  
  66  7:05  Zergling x2  
  67  7:10  Zergling x2  
  67  7:11  Zergling x2  
  67  7:12  Zergling x6  
  67  7:14  Zergling x4  
  71  7:15  Zergling x4  
  71  7:16  Zergling x2  
  71  7:20  Zergling x2  
  73  7:25  Zergling x2  
  73  7:26  Zergling x2  
  73  7:29  Extractor  
  74  7:30  Spine Crawler  
  74  7:31  Spine Crawler  
  74  7:33  Extractor  
  74  7:34  Pneumatized Carapace  
  71  7:37  Hydralisk x3  
  76  7:50  Hydralisk x3  
  75  7:55  Zergling x2  
  75  7:56  Zergling x10  
  74  8:03  Hydralisk  
  74  8:04  Zergling x10  
Show
View Real Time Build Order
Export as new Build Order

Zest Protoss 

Build Orders: 1 Gate Expand, Zealot Archon, Dark Templar Rush 

Get SALT Encoding   

  12  0:00  Probe (Chrono Boost)  
  13  0:11  Probe (Chrono Boost)  
  14  0:18  Pylon  
  14  0:22  Probe (Chrono Boost)  
  15  0:36  Probe (Chrono Boost)  
  15  0:39  Gateway  
  16  0:46  Probe (Chrono Boost)  
  16  0:49  Assimilator  
  17  0:57  Probe (Chrono Boost)  
  18  1:08  Probe (Chrono Boost)  
  19  1:22  Nexus  
  20  1:25  Probe (Chrono Boost)  
  20  1:36  Cybernetics Core  
  20  1:39  Probe (Chrono Boost)  
  21  1:43  Assimilator  
  21  1:49  Probe (Chrono Boost)  
  21  1:53  Pylon  
  22  2:00  Probe (Chrono Boost)  
  23  2:11  Probe (Chrono Boost)  
  23  2:12  Adept (Chrono Boost)  
  23  2:13  Warp Gate  
  26  2:23  Mothership Core (Chrono Boost)  
  28  2:34  Probe (Chrono Boost)  
  29  2:43  Probe (Chrono Boost)  
  30  2:44  Twilight Council  
  30  2:45  Probe (Chrono Boost)  
  31  2:54  Probe (Chrono Boost)  
  31  2:55  Probe (Chrono Boost)  
  33  3:02  Robotics Facility  
  33  3:05  Probe (Chrono Boost)  
  34  3:06  Probe (Chrono Boost)  
  35  3:14  Zealot  
  35  3:15  Probe (Chrono Boost)  
  35  3:16  Probe (Chrono Boost)  
  39  3:28  Dark Shrine  
  39  3:31  Gateway  
  39  3:33  Probe x2 (Chrono Boost)  
  41  3:38  Gateway  
  41  3:43  Gateway  
  41  3:45  Probe (Chrono Boost)  
  41  3:47  Probe (Chrono Boost)  
  43  3:55  Probe (Chrono Boost)  
  38  3:59  Probe (Chrono Boost)  
  39  4:15  Adept  
  41  4:23  Probe  
  31  4:33  Adept  
  31  4:39  Dark Templar  
  31  4:40  Dark Templar  
  31  4:41  Probe  
  31  4:42  Zealot  
  38  4:47  Probe  
  38  4:51  Probe  
  37  4:58  Pylon  
  38  5:00  Assimilator  
  38  5:04  Assimilator  
  38  5:07  Pylon  
  38  5:15  Probe  
  38  5:16  Zealot x2, Probe  
  44  5:25  Probe, Cybernetics Core  
  37  5:28  Probe  
  37  5:36  Probe  
  37  5:40  Probe  
  38  5:46  Probe  
  35  5:53  Probe  
  35  5:57  Probe  
  36  6:05  Probe  
  36  6:07  Probe  
  37  6:17  Probe  
  37  6:18  Probe  
  38  6:29  Probe x2 (Chrono Boost)  
  37  6:34  Warp Prism  
  38  6:41  Probe x2 (Chrono Boost)  
  38  6:42  Pylon  
  40  6:51  Probe (Chrono Boost)  
  40  7:07  Dark Templar x2  
  40  7:09  Probe (Chrono Boost)  
  41  7:27  Archon  
  41  7:32  Dark Templar x2  
  45  7:37  Archon  
  39  7:51  Archon  
  39  7:58  Dark Templar x2  
  43  8:05  Archon  
  39  8:06  Dark Templar x2  

Tags
 
Add a new tag
Caveats
  • Supply blocks, unpowered buildings, or Contaminate may cause inaccurate times.
  • Supply counts are checked every 10 seconds.